 Dungeon Crawl Stone Soup version 0.31-a0-523-g071a6c1ffa (webtiles) character file.

Game seed: 10607973552335838711

667 Fodor the Slasher (level 7, -3/60 HPs)
             Began as a Minotaur Fighter on Aug 10, 2023.
             Succumbed to Newt's ghost's poison
             ... on level 5 of the Dungeon on Aug 11, 2023.
             The game lasted 00:24:33 (3973 turns).

Fodor the Slasher (Minotaur Fighter)                Turns: 3973, Time: 00:24:34

Health: -3/60      AC: 10    Str: 22    XL:     7   Next: 31%
Magic:  6/6        EV:  9    Int:  5    God:
Gold:   252        SH:  5    Dex: 16    Spells: 6/6 levels left

rFire   + . .        a - +0 long sword
rCold   . . .        c - +0 buckler
rNeg    . . .        b - +0 chain mail
rPois   .            (helmet restricted)
rElec   .            (no cloak)
rCorr   .            (no gloves)
SInv    .            (no boots)
Will    .....        (no amulet) Stlth
                     j - +6 ring of dexterity
HPRegen 0.30/turn    n - ring of protection from fire
MPRegen 0.10/turn

%: no passive effects
@: brilliant, lethally poisoned (-3 -> -19)
A: horns 2, retaliatory headbutt
a: no special abilities


You were on level 5 of the Dungeon.
You visited 1 branch of the dungeon, and saw 5 of its levels.

You collected 252 gold pieces.

Inventory:

Hand Weapons
 a - a +0 long sword (weapon)
 v - a +2 hand axe of pain
Missiles
 h - 3 boomerangs (quivered)
 D - 5 javelins
Armour
 b - a +0 chain mail (worn)
 c - a +0 buckler (worn)
Jewellery
 j - a +6 ring of dexterity (left hand)
 l - a ring of poison resistance
 n - a ring of protection from fire (right hand)
 o - a ring of flight
 C - a +6 ring of strength
Talismans
 u - a beast talisman
 A - a flux talisman
Wands
 r - a wand of digging (3)
Scrolls
 e - 4 scrolls of teleportation {unknown}
 k - 2 scrolls of identify {unknown}
 m - a scroll of fear {unknown}
 p - 2 scrolls of immolation {unknown}
 q - a scroll of fog {unknown}
 s - a scroll of brand weapon {unknown}
 x - a scroll of blinking {unknown}
 y - a scroll of enchant weapon {unknown}
 B - a scroll of revelation {unknown}
Potions
 d - 3 potions of might
 f - 2 potions of heal wounds {unknown}
 g - 2 potions of attraction {unknown}
 i - 2 potions of curing {unknown}
 t - a potion of experience {unknown}
 w - 2 potions of brilliance
 z - a potion of mutation {unknown}
 E - a potion of ambrosia {unknown}


   Skills:
 + Level 4.8 Fighting
 + Level 6.3 Long Blades
 + Level 1.0 Throwing
 + Level 5.8 Armour
 + Level 2.2 Dodging
 + Level 5.3 Shields


You had 6 spell levels left.
You didn't know any spells.
Your spell library contained the following spells:

 Spells                   Type           Power      Damage    Failure   Level
 Ignite Poison            Fire/Tmut/Pois 0%         N/A       100%        3
 Sticky Flame             Conj/Fire      0%         2d3       100%        4
 Ignition                 Fire           0%         3d3       100%        8


Dungeon Overview and Level Annotations

Branches:
Dungeon (5/15)
 Temple: D:4-7

Altars:

Annotations:
D:5 Newt's ghost, novice DsGl


Innate Abilities, Weirdness & Mutations

You have a pair of horns on your head.
You reflexively headbutt those who attack you in melee.


Message History

You feel very sick. Newt's ghost hits you.
You are more poisoned.
Newt's ghost hits you but does no damage.
You closely miss Newt's ghost.
You headbutt Newt's ghost, but do no damage.
Newt's ghost is lightly damaged.
You feel very sick.
Newt's ghost hits you but does no damage.
You are more poisoned.
You closely miss Newt's ghost.
Newt's ghost is lightly damaged.
You feel extremely sick. Newt's ghost hits you.
You are more poisoned.
You closely miss Newt's ghost. Your headbutt misses Newt's ghost.
Newt's ghost is lightly damaged.
You feel extremely sick.
Newt's ghost hits you but does no damage.
You are lethally poisoned!
You slash Newt's ghost!
Newt's ghost is moderately damaged.
You feel extremely sick. Newt's ghost hits you.
* * * LOW HITPOINT WARNING * * *
You closely miss Newt's ghost.
Newt's ghost is moderately damaged.
* * * LOW HITPOINT WARNING * * *
You feel extremely sick. Newt's ghost hits you.
* * * LOW HITPOINT WARNING * * *
You barely miss Newt's ghost.
Newt's ghost is moderately damaged.
* * * LOW HITPOINT WARNING * * *
You feel very sick. Newt's ghost closely misses you. You furiously retaliate!
You headbutt Newt's ghost.
It was a potion of brilliance.
You feel clever all of a sudden.
You die...

#.............#
#.
#............##
## #...........##
#.........>.#
#...........#
#####...####....#
........#.P#....#
#####...W!8#....#
##.@#.P#....#
#..####....# ##+#
######


You could see Newt's ghost.

Vanquished Creatures
  Blork the orc (D:5)
  A bullfrog (D:4)
  2 scorpions
  A jelly (D:4)
  2 hounds
  Terence (D:3)
  11 gnolls
  12 adders
  An ufetubus (D:4)
  2 worms (D:2)
  2 dart slugs
  7 ball pythons
  6 endoplasms
  3 giant cockroaches
  9 goblins
  4 hobgoblins
  12 jackals
  9 kobolds
  5 quokkas
  5 bats
  A frilled lizard (D:2)
  7 rats
104 creatures vanquished.

Notes
Turn   | Place    | Note
-------+----------+-------------------------------------------
     0 | D:1      | Fodor the Minotaur Fighter began the quest for the Orb.
     0 | D:1      | Reached XP level 1. HP: 19/19 MP: 0/0
    90 | D:1      | Reached XP level 2. HP: 20/27 MP: 1/1
   500 | D:1      | Found a faded altar of an unknown god.
   509 | D:1      | Reached XP level 3. HP: 31/33 MP: 2/2
   530 | D:1      | Upgraded the game from 0.31-a0-521-gc7390f8997 to
                  | 0.31-a0-523-g071a6c1ffa
  1062 | D:2      | Reached skill level 3 in Long Blades
  1832 | D:3      | Reached XP level 4. HP: 33/40 MP: 3/3
  2159 | D:3      | Reached skill level 1 in Dodging
  2245 | D:3      | Noticed Terence
  2255 | D:3      | Killed Terence
  2256 | D:3      | Reached XP level 5. HP: 39/46 MP: 4/4
  2440 | D:3      | Reached skill level 4 in Long Blades
  2446 | D:3      | Reached skill level 5 in Armour
  2681 | D:4      | Identified the +3 giant spiked club of Rujimel {holy, rF+
                  | rC+ Will+}
  2854 | D:4      | Reached XP level 6. HP: 36/53 MP: 5/5
  2882 | D:4      | Reached skill level 5 in Long Blades
  3444 | D:4      | Reached skill level 5 in Shields
  3625 | D:5      | Entered Level 5 of the Dungeon
  3688 | D:5      | Noticed Blork the orc
  3700 | D:5      | Killed Blork the orc
  3701 | D:5      | Reached skill level 1 in Throwing
  3701 | D:5      | Reached XP level 7. HP: 43/60 MP: 6/6
  3870 | D:5      | Reached skill level 6 in Long Blades
  3957 | D:5      | Found a runed translucent door.
  3958 | D:5      | Noticed Newt's ghost (novice DsGl)
  3972 | D:5      | HP: 1/60 [poisoned by Newt's ghost]
  3973 | D:5      | Succumbed to Newt's ghost's poison

Illustrated notes

Levels and vault maps discovered:
D:1:      lemuel_arrival_rhombus, layout_loops_ring,
          hellmonk_ecumenical_altar_run_dry, minmay_pentomino_r2
D:2:      layout_basic, skrybe_limestone_x
D:3:      layout_basic, serial_glass, glass_columns_b, glass_columns_a,
          minmay_strange_pillars, uniq_terence
D:4:      layout_basic, minmay_snake_closets
D:5:      due_chaos_kobolds, layout_basic, minmay_temple_entry_mini_moons,
          gammafunk_ghost_grave, nicolae_concentric_dashed_squares_mild,
          uniq_blork_the_orc, uniq_menkaure, uniq_duvessa

Skill      XL: |  1  2  3  4  5  6  7 |
---------------+----------------------+-----
Shields        | 4 5 |  5.3
Fighting       | 4 |  4.8
Armour         | 4 5 |  5.8
Long Blades    | 3 4 5 6 |  6.3
Dodging        | 1 2 |  2.2
Throwing       | 1 |  1.0

Action                     |  1- 3 |  4- 6 |  7- 9 || total
---------------------------+-------+-------+-------++-------
  Melee: Long sword        |    98 |   151 |    19 ||   268
         Headbutt          |    14 |    28 |     2 ||    44
  Throw: Boomerang         |     6 |    10 |       ||    16
    Use: Potion            |       |       |     1 ||     1
 Armour: Chain mail        |    80 |    90 |     8 ||   178
  Dodge: Dodged            |    71 |    75 |    11 ||   157
  Block: Buckler           |    29 |    45 |     3 ||    77

Table legend: (Time is in decaauts)
 A = Elapsed time spent in this place.
 B = Non-inter-level travel time spent in this place.
 C = Inter-level travel time spent in this place.
 D = Time resting spent in this place.
 E = Time spent auto-exploring this place.
 F = Levels seen in this place.
 G = Mean time per level.
                   A        B        C        D        E       F      G
               +--------+--------+--------+--------+--------+-----+--------+
         Total |   4041 |   3911 |    130 |    278 |      0 |   5 |  808.2 |
       Dungeon |   4041 |   3911 |    130 |    278 |      0 |   5 |  808.2 |
               +--------+--------+--------+--------+--------+-----+--------+

Top non-repeatable levels by time:
     D:4: 1049 daAuts
     D:2: 988 daAuts
     D:1: 860 daAuts
     D:3: 791 daAuts
     D:5: 352 daAuts
